 Dungeon Crawl Stone Soup version 0.30.0-13-g156ef70053 (webtiles) character file.

Game seed: 10139495142677327306

14284 SnakkuSnakku7 the Severer (level 12, -2/77 HPs)
             Began as a Tengu Hexslinger on May 17, 2023.
             Was a Priest of the Shining One.
             Slain by a yak (10 damage)
             ... on level 1 of the Lair of Beasts.
             The game lasted 00:11:52 (8991 turns).

SnakkuSnakku7 the Severer (Tengu Hexslinger)        Turns: 8991, Time: 00:11:53

Health: -2/77      AC: 17    Str: 15    XL:     12   Next: 14%
Magic:  0/14       EV: 10    Int: 13    God:    the Shining One [***...]
Gold:   746        SH:  0    Dex: 16    Spells: 12/13 levels left

rFire   . . .        a - +1 war axe (venom)
rCold   . . .        (no shield)
rNeg    + + .        r - +0 chain mail {rPois}
rPois   +            (helmet restricted)
rElec   .            y - +2 cloak
rCorr   .            t - +2 pair of gloves
SInv    .            (boots unavailable)
Will    .....        v - amulet of guardian spirit Stlth
                     q - +4 ring of slaying
HPRegen 0.32/turn    l - ring of positive energy
MPRegen 0.14/turn

%: guardian spirit
@: flying quickly and evasively, glowing, quick
A: beak, talons 3, nimble flight
a: Renounce Religion, Divine Shield, Cleansing Flame


You were on level 1 of the Lair of Beasts.
You worshipped the Shining One.
The Shining One was most pleased with you.
You visited 2 branches of the dungeon, and saw 11 of its levels.

You collected 746 gold pieces.

Inventory:

Hand Weapons
 a - a +1 war axe of venom (weapon)
Missiles
 E - 21 poisoned darts
 F - 2 throwing nets
Armour
 c - a +0 robe
 d - a +0 leather armour
 r - a +0 chain mail of poison resistance (worn)
 t - a +2 pair of gloves (worn)
 y - a +2 cloak (worn)
Jewellery
 l - a ring of positive energy (right hand)
 q - a +4 ring of slaying (left hand)
 v - an amulet of guardian spirit (around neck)
Wands
 D - a wand of quicksilver (5)
 G - a wand of paralysis (10)
Scrolls
 b - 2 scrolls of poison
 f - a scroll of vulnerability {unknown}
 h - 4 scrolls of teleportation
 k - 2 scrolls of fog {unknown}
 o - a scroll of silence {unknown}
 p - 3 scrolls of enchant weapon
 A - 3 scrolls of magic mapping {unknown}
 H - 2 scrolls of immolation
 I - a scroll of summoning {unknown}
 K - 2 scrolls of amnesia {unknown}
Potions
 i - a potion of mutation {unknown}
 j - 3 potions of lignification {unknown}
 m - 2 potions of cancellation {unknown}
 n - 2 potions of heal wounds {unknown}
 s - 8 potions of curing
 w - 2 potions of haste {unknown}
 x - a potion of magic
 z - 2 potions of attraction
 B - 2 potions of berserk rage
 C - 5 potions of brilliance {unknown}


   Skills:
 - Level 10.0 Fighting
 - Level 16.0 Axes
 - Level 2.1 Ranged Weapons
 + Level 8.2 Armour
 - Level 2.1 Dodging
 - Level 1.0 Spellcasting
 - Level 2.1 Hexes


You had 12 spell levels left.
You knew the following spells:

 Your Spells              Type           Power      Damage    Failure   Level
a - Slow                  Hex            24%        N/A       75%         1

Your spell library contained the following spells:

 Spells                   Type           Power      Damage    Failure   Level
 Apportation              Tloc           0%         N/A       95%         1
 Foxfire                  Conj/Fire      0%         2x1d4     95%         1
 Lesser Beckoning         Tloc           0%         N/A       99%         2
 Inner Flame              Hex/Fire       3%         N/A       99%         3
 Portal Projectile        Hex/Tloc       6%         N/A       99%         3
 Gell's Gravitas          Tloc           0%         N/A       100%        3
 Teleport Other           Tloc           0%         N/A       100%        3
 Cause Fear               Hex            3%         N/A       100%        4
 Alistair's Intoxication  Tmut/Pois      0%         N/A       100%        5
 Fireball                 Conj/Fire      0%         3d3       100%        5
 Plasma Beam              Fire/Air       0%         2x1d11    100%        6
 Starburst                Conj/Fire      0%         6d3       100%        6


Dungeon Overview and Level Annotations

Branches:
Dungeon (10/15)            Temple (0/1) D:6            Lair (1/5) D:10
    Orc (0/2) D:10

Altars:
Dithmenos
Hepliaklqana
Kikubaaqudgha
Nemelex Xobeh
Okawaru
Sif Muna
Trog
Uskayaw
Yredelemnul
The Shining One

Annotations:
D:9 1 runed translucent door, sasquatch's ghost, novice MiHu


Innate Abilities, Weirdness & Mutations

You have a beak for a mouth.
You have claws for feet.
Your magical nature lets you fly swiftly and evasively.


Message History

The yak looks as sick as possible!
You closely miss the wolf. The yak gores you. The yak gores you!
* * * LOW HITPOINT WARNING * * *
The yak gores you!
* * * LOW HITPOINT WARNING * * *
The wolf bites you but does no damage. x2
You hit the yak.
The yak looks as sick as possible!
The yak is severely wounded.
You slash the wolf! You hit the yak.
The yak looks as sick as possible!
You hit the yak. You slash the wolf!
The wolf is poisoned.
You kill the wolf!
The wolf misses you. The wolf bites you.
* * * LOW HITPOINT WARNING * * *
The yak gores you.
* * * LOW HITPOINT WARNING * * *
The yak barely misses you. x2
Your Armour skill increases to level 8!
You slash the wolf!
The wolf looks as sick as possible!
You claw the wolf, but do no damage. Your peck misses the wolf.
The wolf is almost dead.
You hit the yak.
The yak looks as sick as possible!
You slash the yak!
You kill the yak!
You slash the yak!
The yak looks as sick as possible!
You hit the wolf but do no damage.
The wolf looks as sick as possible!
The wolf bites you but does no damage. The wolf bites you.
* * * LOW HITPOINT WARNING * * *
Unknown command.
You slice the wolf!!
You kill the wolf!
You hit the wolf.
The wolf looks as sick as possible!
You hit the yak.
The yak looks as sick as possible!
You hit the yak. The wolf misses you. The yak gores you but does no damage.
The yak closely misses you. The wolf barely misses you.
Unknown command.
You hit the yak.
The yak is almost dead.
You barely miss the wolf. You hit the yak.
You kill the yak!
The yak gores you!
You die...

. # .. #. ...
#.#########....
##..............
#...<...††......
##.....†@Y......
#.......h......
#...............
#..#+###+###....
##. .... #. ...
#$ ..


You could see a yak (extremely poisoned) and a wolf (extremely poisoned).

Vanquished Creatures
  An ogre mage (D:9)
  2 two-headed ogres
  An ugly thing (D:10)
  2 manticores (D:9)
  A wolf spider (D:9)
  Psyche (D:8)
  5 gargoyles
  A freezing wraith (D:9)
  2 kobold demonologists
  2 trolls (D:10)
  25 yaks
  A wraith (D:10)
  A vampire mosquito (D:9)
  3 steam dragons
  2 water moccasins (D:7)
  An ice beast (D:7)
  2 orc warriors (D:10)
  2 black bears
  3 sky beasts
  3 ogres
  4 wolves (Lair:1)
  5 kobold brigands
  4 scorpions
  3 bullfrogs
  4 wights (D:7)
  9 killer bees
  6 howler monkeys
  2 vampire bats (D:5)
  5 jellies
  Crazy Yiuf (D:3)
  2 hounds
  2 orc priests
  4 iguanas
  6 orc wizards
  6 adders
  4 gnolls (D:3)
  A white imp (D:4)
  2 ufetubi
  3 dart slugs
  33 orcs
  2 bat skeletons (D:5)
  4 bat zombies (D:5)
  7 endoplasms
  3 giant cockroaches
  3 hobgoblins
  6 jackals
  6 quokkas
  2 ball pythons
  2 bats
  3 frilled lizards
  4 goblins
  3 goblin zombies (D:4)
  4 hobgoblin zombies (D:4)
  23 kobolds
  A kobold skeleton (D:4)
  A kobold zombie (D:4)
  An orc skeleton (D:4)
  5 rats
247 creatures vanquished.

Notes
Turn   | Place    | Note
-------+----------+-------------------------------------------
     0 | D:1      | SnakkuSnakku7 the Tengu Hexslinger began the quest for the
                  | Orb.
     0 | D:1      | Reached XP level 1. HP: 12/12 MP: 3/3
   311 | D:1      | Reached XP level 2. HP: 10/17 MP: 4/4
   768 | D:2      | Reached skill level 1 in Axes
   825 | D:2      | Reached XP level 3. HP: 11/22 MP: 5/5
  1064 | D:2      | Reached skill level 2 in Axes
  1344 | D:3      | Reached XP level 4. HP: 24/27 MP: 6/6
  1347 | D:3      | Reached skill level 3 in Axes
  1671 | D:3      | Found a runed translucent door.
  1672 | D:3      | Noticed Crazy Yiuf
  1679 | D:3      | Killed Crazy Yiuf
  1680 | D:3      | Reached skill level 4 in Axes
  1680 | D:3      | Gained mutation: Your magical nature lets you fly swiftly
                  | and evasively. [Tengu growth]
  1680 | D:3      | Reached XP level 5. HP: 16/31 MP: 7/7
  1764 | D:3      | Reached skill level 5 in Axes
  2239 | D:4      | Found a glowing golden altar of the Shining One.
  2248 | D:4      | Reached XP level 6. HP: 34/36 MP: 6/8
  2261 | D:4      | Became a worshipper of the Shining One
  2348 | D:4      | Reached skill level 6 in Axes
  3155 | D:5      | Entered Level 5 of the Dungeon
  3159 | D:5      | Noticed a sky beast
  3174 | D:4      | Killed a sky beast
  3175 | D:4      | Reached skill level 7 in Axes
  3177 | D:4      | Reached XP level 7. HP: 40/40 MP: 9/9
  3228 | D:5      | Found an ancient bone altar of Kikubaaqudgha.
  3231 | D:5      | Reached * piety under the Shining One
  3282 | D:5      | Reached skill level 8 in Axes
  3417 | D:5      | Found a hazy altar of Hepliaklqana.
  3448 | D:5      | Reached skill level 9 in Axes
  3448 | D:5      | Reached XP level 8. HP: 33/45 MP: 7/10
  3490 | D:5      | Found a basalt altar of Yredelemnul.
  3490 | D:5      | Found a hide-covered altar of Uskayaw.
  3490 | D:5      | Found a bloodstained altar of Trog.
  3795 | D:6      | Found a sparkling altar of Nemelex Xobeh.
  4005 | D:6      | Reached skill level 10 in Axes
  4152 | D:6      | Reached skill level 11 in Axes
  4526 | D:6      | Reached XP level 9. HP: 49/49 MP: 11/11
  4569 | D:6      | Found a staircase to the Ecumenical Temple.
  4638 | D:7      | Reached skill level 12 in Axes
  4811 | D:7      | Identified the +4 whip "Newtbane" {heavy, rElec Dex+5}
  4871 | D:7      | Reached ** piety under the Shining One
  4878 | D:7      | Reached skill level 13 in Axes
  4915 | D:7      | Found a shadowy altar of Dithmenos.
  5431 | D:8      | Found an iron altar of Okawaru.
  5490 | D:8      | Reached skill level 14 in Axes
  5490 | D:8      | Noticed a gargoyle
  5493 | D:8      | Noticed a gargoyle
  5496 | D:8      | Noticed a gargoyle
  5765 | D:6      | Killed a gargoyle
  5847 | D:7      | Killed a gargoyle
  5848 | D:7      | Reached XP level 10. HP: 24/54 MP: 5/12
  6030 | D:8      | Noticed a gargoyle
  6040 | D:8      | Killed a gargoyle
  6041 | D:8      | Reached skill level 15 in Axes
  6108 | D:8      | Noticed a two-headed ogre
  6137 | D:8      | Killed a two-headed ogre
  6327 | D:8      | Noticed a gargoyle
  6335 | D:8      | Killed a gargoyle
  6418 | D:8      | Killed a gargoyle
  6419 | D:8      | Reached skill level 16 in Axes
  6737 | D:8      | Noticed Psyche
  6739 | D:8      | Paralysed by Psyche for 2 turns
  6744 | D:8      | Killed Psyche
  6839 | D:9      | Found a runed translucent door.
  6842 | D:9      | Noticed sasquatch's ghost (novice MiHu)
  6847 | D:9      | Noticed a two-headed ogre
  6855 | D:9      | Killed a two-headed ogre
  6856 | D:9      | Reached skill level 5 in Fighting
  7106 | D:9      | Noticed a two-headed ogre
  7294 | D:9      | Reached XP level 11. HP: 40/66 MP: 7/13
  7468 | D:9      | Found a runed translucent door.
  7468 | D:9      | Noticed a manticore
  7469 | D:9      | Noticed a manticore
  7476 | D:9      | Killed a manticore
  7612 | D:9      | Killed a manticore
  7828 | D:9      | Noticed a wolf spider
  7828 | D:9      | Noticed an ogre mage
  7873 | D:9      | Killed a wolf spider
  8062 | D:9      | Killed an ogre mage
  8255 | D:10     | Entered Level 10 of the Dungeon
  8255 | D:10     | Found a staircase to the Lair.
  8300 | D:10     | Found a shimmering blue altar of Sif Muna.
  8328 | D:10     | Found a staircase to the Orcish Mines.
  8358 | D:10     | Reached skill level 10 in Fighting
  8362 | D:10     | Reached skill level 1 in Armour
  8439 | D:10     | Noticed a soul eater
  8530 | D:10     | Reached skill level 5 in Armour
  8633 | D:10     | Reached *** piety under the Shining One
  8707 | D:10     | Noticed a white ugly thing
  8714 | D:10     | Killed a white ugly thing
  8962 | Lair:1   | Entered Level 1 of the Lair of Beasts
  8972 | Lair:1   | Reached XP level 12. HP: 70/77 MP: 12/14
  8991 | Lair:1   | Slain by a yak

Illustrated notes

Levels and vault maps discovered:
D:1:      co_arrival_square_in_a_square_in_a_square, layout_basic, minivault_26,
          minmay_misc_feat_four_crosses
D:2:      layout_loops_ring, minmay_misc_feat_nine_boxes,
          guppyfry_early_lair_pool
D:3:      layout_loops_ring, kennysheep_path_1, dk_vineyard_3,
          uniq_crazy_yiuf_cottage
D:4:      layout_basic, nicolae_tso_besieged_by_evil
D:5:      layout_basic, kennysheep_mini, gammafunk_temple_overflow_claw,
          kennysheep_vampire_church, serial_bayou_ford_a, grunt_tough_drop
D:6:      layout_loops_corners, mainiacjoe_overflow_alcove_1,
          minmay_temple_entry_fiery
D:7:      layout_basic, nicolae_dithmenos_the_darkroom
D:8:      cheibrodos_statue_roulette, layout_gridville,
          okawaru_metal_pillars_1_2, uniq_psyche
D:9:      layout_basic, ebering_ghost_inner_flame, minivault_13
D:10:     layout_long_grid, lemuel_blue_sif_altar, lair_entry_dummy,
          orc_0_dummy, minmay_statues_item, hangedman_decor_growths
Lair:1:   hellmonk_destroyed_diamonds, layout_regular_city,
          pdpol_lair_cabin_in_the_woods

Skill      XL: |  1  2  3  4  5  6  7  8  9 10 11 12 |
---------------+-------------------------------------+-----
Fighting       | 2 6 10 | 10.0
Axes           | 1 2 4 5 7 9 11 14 16 | 16.0
Armour         | 6 8 |  8.2
Ranged Weapons | |  2.1
Dodging        | |  2.1
Spellcasting   | |  1.0
Hexes          | |  2.1

Action                     |  1- 3 |  4- 6 |  7- 9 | 10-12 || total
---------------------------+-------+-------+-------+-------++-------
  Melee: Whip              |    19 |       |       |       ||    19
         Hand axe          |    38 |    41 |       |       ||    79
         Kick              |    15 |    25 |    61 |    93 ||   194
         Peck              |     9 |    15 |    27 |    54 ||   105
         War axe           |       |    45 |   143 |   193 ||   381
         Punch             |       |       |     3 |     3 ||     6
   Fire: Sling             |    13 |       |       |       ||    13
  Evoke: Wand              |       |       |       |    14 ||    14
    Use: Scroll            |       |     9 |     2 |     7 ||    18
         Potion            |       |       |       |     1 ||     1
 Armour: Leather armour    |    12 |       |       |       ||    12
         Chain mail        |     7 |    43 |    75 |    77 ||   202
  Dodge: Dodged            |    35 |    20 |    40 |    74 ||   169
